 Dungeon Crawl Stone Soup version 0.24-a0-809-g71cb82dfb8 (webtiles) character file.

Game seed: 2605466809147463991, levelgen mode: deterministic

263 Heliosone the Poker (level 6, -5/49 HPs)
             Began as a Merfolk Gladiator on Oct 11, 2019.
             Slain by Sigmund
             ... wielding a +0 scythe of venom
              (11 damage)
             ... on level 3 of the Dungeon.
             The game lasted 00:06:29 (3465 turns).

Heliosone the Poker (Merfolk Gladiator)             Turns: 3465, Time: 00:06:30

Health: -5/49      AC:  4    Str: 16    XL:     6   Next: 19%
Magic:  6/6        EV: 16    Int:  7    God:
Gold:   91         SH:  0    Dex: 16    Spells: 5/5 levels left

rFire    . . .     SeeInvis .   A - +2 halberd (flame)
rCold    . . .     Gourm    .   (shield currently unavailable)
rNeg     + . .     Faith    .   b - +0 leather armour
rPois    .         Spirit   .   c - +0 helmet
rElec    .         Reflect  .   (no cloak)
rCorr    .         Harm     .   (no gloves)
MR       .....                  (no boots)
Stlth    +.........             (no amulet)
HPRegen  0.16/turn              i - ring of positive energy
MPRegen  0.10/turn              (no ring)

@: lethally poisoned (-5 -> -30)
A: change form in water, swift swim, stealthy swim
a: no special abilities


You were on level 3 of the Dungeon.
You were not hungry.

You visited 1 branch of the dungeon, and saw 3 of its levels.

You collected 91 gold pieces.

Inventory:

Hand Weapons
 a - a +0 trident
 A - a +2 halberd of flaming (weapon)
Missiles
 d - 4 throwing nets
 k - 3 boomerangs
 q - 7 poisoned darts (quivered)
Armour
 b - a +0 leather armour (worn)
 c - a +0 helmet (worn)
 w - a +0 helmet
Jewellery
 i - a ring of positive energy (left hand)
 y - an uncursed ring of resist corrosion {unknown}
Wands
 u - a wand of iceblast (12)
Scrolls
 e - 3 scrolls of remove curse {unknown}
 g - 3 scrolls of identify {unknown}
 h - 2 scrolls of enchant armour {unknown}
 j - a scroll of noise {unknown}
 l - a scroll of teleportation {unknown}
 n - a scroll of enchant weapon {unknown}
 o - a scroll of amnesia {unknown}
 s - a scroll of random uselessness {unknown}
Potions
 m - a potion of flight {unknown}
 p - a potion of curing {unknown}
 r - 2 potions of heal wounds {unknown}
 t - a potion of haste {unknown}
 v - 2 potions of mutation {unknown}
 x - 2 potions of might {unknown}
Comestibles
 f - 4 rations


   Skills:
 + Level 4.3 Fighting
 + Level 6.6 Polearms
 - Level 2.0 Throwing
 + Level 6.1 Dodging


You had 5 spell levels left.
You didn't know any spells.
Your spell library contained the following spells:

 Spells                   Type           Power        Failure   Level  Hunger
 Magic Dart               Conj           #...         50%         1    ##.....
 Blink                    Tloc           N/A          65%         2    ###....
 Call Imp                 Summ           #.......     65%         2    ###....
 Slow                     Hex            #.......     65%         2    ###....
 Conjure Flame            Conj/Fire      #.......     86%         3    ####...
 Mephitic Cloud           Conj/Pois/Air  #.......     86%         3    ####...


Dungeon Overview and Level Annotations

Branches:
Dungeon (3/15)

Altars:

Annotations:
D:3 Sigmund


Message History

You bump into the rock wall.
You feel sick. The orc wizard misses you. The orc priest closely misses you.
Something hits you.
You are more poisoned.
You hit the orc priest. You burn the orc priest.
The orc priest is moderately wounded.
You feel sick.
The orc wizard hits you with a +0 dagger.
The orc priest closely misses you. The orc wizard misses you.
You feel sick. Something hits you!
The orc wizard hits you with a +0 dagger.
You slash the orc priest! You burn the orc priest.
You kill the orc priest!
You feel less confused.
You feel sick. Something hits you!
* * * LOW HITPOINT WARNING * * *
You are more poisoned.
The orc wizard barely misses you.
* * * LOW HITPOINT WARNING * * *
You feel sick. The orc wizard misses you. Something hits you!
You die...

#........... #.#
##.......... #.#
#.......... #.#
#.......... #.#
###........ #.#
#........ #.#
#####........ #.#
#.........[..
####@####.##..#######
#....o{.......#
#########.....#
####((#
#.............
#.##..........
#....@....#.
#.........#
#.(.†.#####


You could see an orc wizard.

Vanquished Creatures
  An orc priest (D:3)
  Terence (D:3)
  Natasha (thrice) (D:3)
  4 adders
  3 gnolls (D:3)
  2 worms (D:2)
  A dart slug (D:3)
  3 orcs (D:3)
  A ball python (D:2)
  4 bats
  5 giant cockroaches
  11 goblins
  4 hobgoblins
  4 jackals (D:2)
  6 kobolds
  5 frilled lizards
  5 rats
63 creatures vanquished.

Notes
Turn   | Place    | Note
-------+----------+-------------------------------------------
     0 | D:1      | Heliosone the Merfolk Gladiator began the quest for the
                  | Orb.
     0 | D:1      | Reached XP level 1. HP: 16/16 MP: 1/1
   191 | D:1      | Reached XP level 2. HP: 14/23 MP: 2/2
   776 | D:1      | Reached skill level 5 in Polearms
   776 | D:1      | Reached XP level 3. HP: 28/28 MP: 3/3
  1514 | D:2      | Reached XP level 4. HP: 26/35 MP: 4/4
  1678 | D:2      | Reached skill level 5 in Dodging
  2435 | D:3      | Noticed Natasha
  2449 | D:3      | Killed Natasha
  2759 | D:3      | Noticed Natasha
  2765 | D:3      | Killed Natasha
  2765 | D:3      | Reached XP level 5. HP: 42/42 MP: 5/5
  2903 | D:3      | Noticed Natasha
  3022 | D:3      | Killed Natasha
  3296 | D:3      | Noticed Terence
  3326 | D:3      | Killed Terence
  3326 | D:3      | Reached XP level 6. HP: 48/48 MP: 6/6
  3442 | D:3      | Noticed Sigmund
  3465 | D:3      | Slain by Sigmund

Levels and vault maps discovered:
D:1:      dpeg_arrival_long_road, layout_rooms, minivault_23
D:2:      layout_basic
D:3:      layout_basic, uniq_natasha, uniq_crazy_yiuf_cottage, uniq_sigmund,
          uniq_terence, uniq_robin

Skill      XL: |  1  2  3  4  5  6 |
---------------+-------------------+-----
Polearms       | 5 6 |  6.6
Fighting       | 3 4 |  4.3
Dodging        | 5 6 |  6.1
Throwing       | |  2.0

Action                   |  1- 3 |  4- 6 || total
-------------------------+-------+-------++-------
Melee: Trident           |   114 |    58 ||   172
       Halberd           |       |     6 ||     6
Throw: Boomerang         |    21 |    10 ||    31
       Dart              |       |    63 ||    63
 Stab: Sleeping          |     1 |       ||     1
  Eat: Chunk             |     2 |     6 ||     8
Armor: Leather armour    |    22 |     7 ||    29
Dodge: Dodged            |    72 |    45 ||   117

Table legend:
 A = Non-vault XP
 B = Vault XP
 C = Vault XP percentage of total XP
 D = Non-vault monster count
 E = Vault monster count
 F = Vault count percentage of total count
                 A         B        C        D         E       F
            +---------+---------+-------+---------+---------+-------
      Total |     306 |      71 |  18.8 |      61 |       2 |   3.2
            +---------+---------+-------+---------+---------+-------
        D:1 |      34 |       0 |   0.0 |      20 |       0 |   0.0
        D:2 |      77 |       0 |   0.0 |      22 |       0 |   0.0
        D:3 |     195 |      71 |  26.7 |      19 |       2 |   9.5
            +---------+---------+-------+---------+---------+-------
